 Dungeon Crawl Stone Soup version 0.17.2-1-ge4368a0 (webtiles) character file.

1 Goblin1989 the Insei (level 1, -1/15 HPs)
             Began as a Demonspawn Transmuter on Nov 25, 2017.
             Slain by a hobgoblin (5 damage)
             ... on level 1 of the Dungeon.
             The game lasted 00:00:48 (27 turns).

Goblin1989 the Insei (Demonspawn Transmuter)          Turns: 27, Time: 00:00:49

Health: -1/15      AC:  2    Str: 10    XL:     1   Next: 16%
Magic:  2/3        EV: 12    Int: 14    God:
Gold:   0          SH:  0    Dex: 13    Spells: 1 memorised, 3 levels left

rFire  . . .     SeeInvis .       - Unarmed
rCold  . . .     Clarity  .     b - +0 robe
rNeg   . . .     SustAt   .     (no shield)
rPois  .         Gourm    .     (no helmet)
rElec  .         Spirit   .     (no cloak)
rCorr  .         Warding  .     (no gloves)
rMut   .         Stasis   .     (no boots)
MR     .....                    (no amulet)
Stlth  +.........               (no ring)
                                (no ring)

@: appendage (expiring), not resistant to hostile enchantments, very unstealthy
A: horns 2
a: End Transformation


You were on level 1 of the Dungeon.
You were not hungry.
You had grown temporary horns.
You visited 1 branch of the dungeon, and saw 1 of its levels.

Inventory:

Missiles
 a - 12 arrows
Armour
 b - a +0 robe (worn)
Books
 c - a book of Changes

   Spells                             Type                      Level
   a - Beastly Appendage              Transmutation                1
   b - Sticks to Snakes               Transmutation                2
   c - Spider Form                    Transmutation/Poison         3
   d - Ice Form                       Ice/Transmutation            4
   e - Blade Hands                    Transmutation                5
Comestibles
 e - a bread ration {@e1}


   Skills:
 - Level 1.0 Fighting
 - Level 1.7 Dodging
 + Level 2.8 Unarmed Combat
 - Level 2.0 Spellcasting
 - Level 1.7 Transmutations


You had 3 spell levels left.
You knew the following spells:

 Your Spells              Type           Power        Failure   Level  Hunger
a - Beastly Appendage     Trmt           #.....       14%         1    ##.....


Dungeon Overview and Level Annotations

Branches:
Dungeon (1/15)

Altars:


Innate Abilities, Weirdness & Mutations

You have a pair of horns on your head.


Message History

e - a bread ration Welcome, Goblin1989 the Demonspawn Transmuter.
The bosom of this dungeon contains the fabled artefact, the Orb of Zot.
Press ? for a list of commands and other information.
Found a staircase leading out of the dungeon.
You enter the shallow water.
Moving in this stuff is going to be slow. 3 jackals come into view.
There are monsters nearby!
There are monsters nearby!
You enter the shallow water.
Moving in this stuff is going to be slow.
A jackal and a hobgoblin come into view.
The jackal barks! x3
The hobgoblin shouts!
A hobgoblin comes into view. It is wielding a club.
Your unstable footing causes you to fumble your attack.
The hobgoblin shouts!
The jackal bites you.
The jackal pauses to sniff the ground.
Your unstable footing causes you to fumble your attack.
The jackal bites you.
You closely miss the jackal. The jackal bites you.
The jackal barely misses you.
The jackal bites you but does no damage.
A bat comes into view.
You take 5 damage, and have 10/15 hp.
O_OOPS!!
MASSIVE DAMAGE!!
Your unstable footing causes you to fumble your attack.
The jackal barely misses you. The jackal closely misses you.
Your unstable footing causes you to fumble your attack.
The jackal closely misses you. x2
The jackal bites you.
You take 2 damage, and have 8/15 hp.
You are too injured to fight recklessly!
You are too injured to fight recklessly!
You are too injured to fight recklessly!
You are too injured to fight recklessly!
You are too injured to fight recklessly!
You are too injured to fight recklessly!
You are too injured to fight recklessly!
You are too injured to fight recklessly!
You are too injured to fight recklessly!
You are too injured to fight recklessly!
You are too injured to fight recklessly!
You are too injured to fight recklessly!
You are too injured to fight recklessly!
You are too injured to fight recklessly!
You are too injured to fight recklessly!
You are too injured to fight recklessly!
You are too injured to fight recklessly!
You are too injured to fight recklessly!
You are too injured to fight recklessly!
The jackal splashes around in the water.
The bat hits you.
You take 1 damage, and have 7/15 hp.
The bat misses you. The bat misses you. The bat closely misses you.
Casting: Beastly Appendage
Confirm with . or Enter, or press ? or * to list all spells.
You grow a pair of large bovine horns.
The bat hits you but does no damage. The jackal barely misses you.
The jackal closely misses you. The bat hits you but does no damage.
You now have 2/3 mp.
You miss the bat. The bat hits you but does no damage. The jackal bites you.
* * * LOW HITPOINT WARNING * * *
The jackal splashes around in the water.
The jackal misses you. The jackal completely misses you.
You take 2 damage, and have 6/15 hp.
Unknown command.
You barely miss the jackal. The bat misses you.
The jackal splashes around in the water.
The jackal barely misses you. The jackal bites you.
* * * LOW HITPOINT WARNING * * *
You take 1 damage, and have 5/15 hp.
You closely miss the bat.
Your transformation is almost over.
The bat closely misses you.
The jackal splashes around in the water.
The jackal bites you.
* * * LOW HITPOINT WARNING * * *
The jackal closely misses you.
The jackal splashes around in the water.
You take 1 damage, and have 4/15 hp.
You hit the jackal. You headbutt the jackal.
The jackal is severely wounded.
The bat barely misses you. The jackal barely misses you. The jackal misses you.
The jackal closely misses you.
The jackal bites you but does no damage. x2
You hit the jackal.
You kill the jackal!
The bat hits you but does no damage. The jackal misses you.
The hobgoblin hits you.
You die...

.....█≈≈≈.█.....≈≈≈█
...██≈..█......≈≈█
█.██...........≈█
█.≈.....≈≈≈.....≈
█......≈...≈.....
█......≈.<.≈.....
█......≈...≈.....
█.≈....hhh≈.....≈
█.█≈..g†@......██
█.█≈≈..g......≈█
█.█≈≈≈.b█....≈██
█.████≈.█.█.≈≈█


██████████ You could see 3 jackals, 2 hobgoblins and a bat.

Vanquished Creatures
  A jackal (D:1)
1 creature vanquished.

Notes
Turn   | Place    | Note
--------------------------------------------------------------
     0 | D:1      | Goblin1989 the Demonspawn Transmuter began the quest for the Orb.
     0 | D:1      | Reached XP level 1. HP: 15/15 MP: 3/3
    27 | D:1      | Slain by a hobgoblin

Action                   || total
-------------------------++-------
Melee: Unarmed           ||    10
 Cast: Beastly Appendage ||     1

Vault maps used:
D:1:      enne_arrival_octagon_isle
